 Dungeon Crawl Stone Soup version 0.26.0-3-g156281e41b (webtiles) character file.

Game seed: 14992770909401781048

61726 dolemite99 the Cleaver (level 14, -1/125 HPs)
             Began as a Minotaur Fighter on Jan 9, 2021.
             Was an Initiate of Gozag.
             Slain by Donald
             ... wielding a +0 broad axe
              (16 damage)
             ... on level 2 of the Orcish Mines.
             The game lasted 00:38:21 (29527 turns).

dolemite99 the Cleaver (Minotaur Fighter)          Turns: 29527, Time: 00:38:21

Health: -1/125     AC: 32    Str: 27    XL:     14   Next: 61%
Magic:  13/13      EV:  6    Int:  8    God:    Gozag
Gold:   4563       SH: 12    Dex: 12    Spells: 13/13 levels left

rFire    + . .     SeeInvis .   a - +1 trident
rCold    + . .     Faith    .   X - +0 kite shield
rNeg     . . .     Spirit   .   P - +1 plate armour {rF+}
rPois    .         Reflect  .   (helmet restricted)
rElec    .         Harm     .   e - +2 cloak
rCorr    .         Rampage  .   O - +2 pair of gloves
Will     +....                  W - +5 pair of boots "Xaint" {*Corrode Int+3 Dex+3}
Stlth    ..........             (no amulet)
HPRegen  0.30/turn              M - +4 ring of protection {=R}
MPRegen  0.13/turn              v - ring of protection from cold

@: gold aura, hasted, studying Throwing, very quick
A: retaliatory headbutt, horns 2
a: Renounce Religion, Potion Petition, Call Merchant, Bribe Branch


You were on level 2 of the Orcish Mines.
You worshipped Gozag.
Gozag was most pleased with you.
You visited 3 branches of the dungeon, and saw 21 of its levels.
You also visited: Sewer.

You collected 7307 gold pieces.
You spent 1607 gold pieces at shops.
You paid 1137 gold pieces to Gozag.

Inventory:

Hand Weapons
 a - a +1 trident (weapon)
 b - a +0 broad axe
 x - a +2 glaive of protection
 Q - the +7 spear of the Lusting Ancients {drain, +Rage rN+ Int-2 Stlth+}
   (You found it on level 9 of the Dungeon)

   A truly terrible weapon, it drains the life of those it strikes.
   It affects your intelligence (-2).
   It protects you from negative energy.
   It lets you go berserk.
   It makes you more stealthy.
Missiles
 k - 207 sling bullets
 m - 7 curare-tipped darts
 o - 212 bolts
 J - a javelin
 R - 45 poisoned darts (quivered)
 U - a throwing net
Armour
 e - a +2 cloak (worn)
 O - a +2 pair of gloves (worn)
 P - a +1 plate armour of fire resistance (worn)
 W - the +5 pair of boots "Xaint" (worn) {*Corrode Int+3 Dex+3}
   (You bought it in a shop on level 1 of the Lair of Beasts)

   It affects your intelligence (+3).
   It affects your dexterity (+3).
   It may corrode you when you take damage.
 X - a +0 kite shield (worn)
Magical Staves
 r - an uncursed staff of death
Jewellery
 l - an uncursed ring of protection from fire
 v - a ring of protection from cold (right hand)
 G - an uncursed ring of wizardry
 M - a +4 ring of protection (left hand) {=R}
 N - a +4 ring of evasion
Wands
 y - a wand of random effects (26)
 B - a wand of polymorph (30)
 E - a wand of paralysis (8)
 T - a wand of iceblast (9)
Scrolls
 f - 7 scrolls of teleportation
 i - 8 scrolls of enchant armour
 n - a scroll of noise
 s - 9 scrolls of remove curse {@r2}
 w - a scroll of fear
 z - a scroll of silence {unknown}
 L - 2 scrolls of fog
 S - 8 scrolls of identify {@r1}
 Z - a scroll of magic mapping
Potions
 d - a potion of might
 g - 10 potions of curing
 j - 3 potions of resistance
 u - 2 potions of brilliance
 A - 6 potions of flight
 C - 3 potions of cancellation
 D - 2 potions of magic
 H - 3 potions of ambrosia
 I - 3 potions of invisibility
 K - 3 potions of haste
 Y - a potion of attraction
Books
 h - a manual of Throwing
Miscellaneous
 c - a phial of floods (inert)
 t - a box of beasts (inert)


   Skills:
 - Level 11.9 Fighting
 - Level 13.6(15.7) Axes
 - Level 13.5(15.7) Polearms
 - Level 12.0 Throwing
 - Level 9.8 Armour
 - Level 10.2 Shields
 + Level 7.3 Evocations


You had 13 spell levels left.
You didn't know any spells.
Your spell library contained the following spells:

 Spells                   Type           Power        Failure   Level
 Sandblast                Erth           0%           100%        1
 Sting                    Tmut/Pois      0%           100%        1
 Summon Small Mammal      Summ           0%           100%        1
 Call Imp                 Summ           0%           100%        2
 Passwall                 Tmut/Erth      0%           100%        2
 Poisonous Vapours        Pois/Air       0%           100%        2
 Call Canine Familiar     Summ           0%           100%        3
 Ignite Poison            Fire/Tmut/Pois 0%           100%        3
 Mephitic Cloud           Conj/Pois/Air  0%           100%        3
 Stone Arrow              Conj/Erth      0%           100%        3
 Summon Guardian Golem    Hex/Summ       0%           100%        3
 Cause Fear               Hex            0%           100%        4
 Olgreb's Toxic Radiance  Pois           0%           100%        4
 Petrify                  Tmut/Erth      0%           100%        4
 Summon Ice Beast         Ice/Summ       0%           100%        4
 Summon Lightning Spire   Summ/Air       0%           100%        4
 Lee's Rapid Deconstruct  Erth           0%           100%        5
 Silence                  Hex/Air        0%           100%        5
 Yara's Violent Unravell  Hex/Tmut       0%           100%        5
 Discord                  Hex            0%           100%        8


Dungeon Overview and Level Annotations

Branches:
Dungeon (13/15) Temple (0/1) D:4 Lair (6/6) D:9 Swamp (0/4) Lair:4 Spider (0/4) Lair:3 Slime (0/5) Lair:6 Orc (2/2) D:9 Vaults (0/5) D:12 D:13 Sewer (visited) Elf: Orc:2

Altars:
Ashenzari
Gozag
Ru
Trog
Wu Jian
Xom
Yredelemnul
Zin
Beogh
Jiyva
Lugonu

Shops:
D:6 =   Lair:1 [

Portals:
Abyss: Orc:1

Annotations:
D:5 3 runed translucent doors, krigyl's ghost, novice FoSu
D:9 Maurice
D:12 Rupert
D:13 Urug
Lair:3 2 transporters, Dikli's ghost, journeyman MiBe
Orc:2 Donald


Innate Abilities, Weirdness & Mutations

You reflexively headbutt those who attack you in melee.
You have a pair of horns on your head.


Message History

The orc knight is almost dead.
Something hits you!
* * * LOW HITPOINT WARNING * * *
The orc knight roars a battlecry!
The orc priest goes into a battle-frenzy!
The orc priest barely misses you.
You puncture the orc knight!
You kill the orc knight!
You puncture the orc priest! You headbutt the orc priest!
The orc priest is almost dead.
Something hits you!!
* * * LOW HITPOINT WARNING * * *
The orc priest invokes the aid of Beogh against you.
Beogh smites you!
* * * LOW HITPOINT WARNING * * *
You closely miss the orc priest. You headbutt the orc priest.
You kill the orc priest!
You feel better. Something hits you!
You die...
Your body crumbles into a pile of gold.

.........#......
.......$##......
#...(.........# $
#......(....##
#...........#
##........####
#..$.$....#..#
#o..$$.#{$$..#### .
.......##.@).....#..$
..o.... ###..........
....... #<.).......
....... #..........
....#.. #..........#
....##. ##..#.......
#..........
##.##..#... ###
..##.#


There were no monsters in sight!

Vanquished Creatures
  Kirke (Lair:4)
  A frost giant (D:12)
  13 hydras
  Harold (D:9)
  2 boulder beetles (D:12)
  An ice dragon (Lair:5)
  Erica (D:11)
  A catoblepas (Lair:6)
  2 two-headed ogres
  A deep troll shaman (Lair:6)
  5 death yaks (Lair:6)
  A hell knight (D:12)
  Nergalle (Lair:4)
  2 unseen horrors
  A harpy (D:12)
  A lindwurm (Lair:6)
  An orc knight (Orc:2)
  An ugly thing (D:10)
  Pikel (D:9)
  A cyclops (D:11)
  A deep elf mage (D:12)
  An orc sorcerer (Orc:2)
  2 will-o-the-wisps (D:8)
  20 elephants
  4 black mambas
  5 cane toads
  Joseph (D:7)
  2 torpor snails
  A gargoyle (D:11)
  2 rime drakes
  7 komodo dragons
  A yaktaur (D:12)
  An efreet (D:10)
  21 blink frogs
  2 polar bears (Lair:4)
  Prince Ribbit (D:9)
  2 dream sheep (Lair:6)
  Sigmund (D:4)
  32 yaks
  4 wyverns
  5 humans (D:12)
  2 steam dragons
  A wraith (D:11)
  4 hogs (Lair:4)
  4 basilisks
  Duvessa (D:4)
  7 water moccasins
  12 orc warriors
  5 black bears
  A phantom (D:6)
  2 ice beasts
  2 hornet zombies
  4 sky beasts
  4 necrophages
  6 ogres
  6 wolves
  3 big kobolds
  11 bullfrogs
  Dowan (D:4)
  A wyvern skeleton (D:9)
  A scorpion (D:7)
  11 killer bees
  16 wights
  8 electric eels
  6 howler monkeys
  A bullfrog zombie (D:12)
  A centaur zombie (D:9)
  5 hounds
  A centaur skeleton (D:4)
  16 orc priests
  18 orc wizards
  3 bullfrog skeletons
  7 iguanas
  6 worker ants
  A hound skeleton (D:4)
  A howler monkey zombie (D:7)
  2 worker ant zombies
  A howler monkey skeleton (D:7)
  11 gnolls
  A river rat (D:3)
  22 adders
  A shadow imp (D:6)
  2 white imps
  An ufetubus (D:10)
  An adder skeleton (D:10)
  7 worms
  A dart slug (D:1)
  6 leopard geckos
  56 orcs
  6 ball pythons
  2 bats
  2 giant cockroaches (D:2)
  5 goblins
  4 hobgoblins
  5 jackals
  5 quokkas
  2 frilled lizards
  2 jackal zombies (D:5)
  19 kobolds
  A leopard gecko zombie (D:6)
  14 rats
  2 lurking horrors (Orc:1)
515 creatures vanquished.

Vanquished Creatures (collateral kills)
  An orc warrior (Orc:2)
  2 orcs (Orc:2)
3 creatures vanquished.

Vanquished Creatures (others)
  An orc (D:9)
  7 bushes (D:12)
  2 foxfires (D:8)
  37 fungi
  38 plants
85 creatures vanquished.

Grand Total: 603 creatures vanquished

Notes
Turn   | Place    | Note
-------+----------+-------------------------------------------
     0 | D:1      | dolemite99 the Minotaur Fighter began the quest for the
                  | Orb.
     0 | D:1      | Reached XP level 1. HP: 19/19 MP: 0/0
   309 | D:1      | Reached XP level 2. HP: 26/26 MP: 1/1
  1018 | D:2      | Found an opulent altar of Gozag.
  1026 | D:2      | Became a worshipper of Gozag Ym Sagoz the Greedy
  1052 | D:2      | Found a glowing silver altar of Zin.
  1147 | D:2      | Reached XP level 3. HP: 31/31 MP: 2/2
  1418 | D:2      | Reached skill level 5 in Polearms
  1436 | D:2      | Reached XP level 4. HP: 29/39 MP: 3/3
  1977 | D:2      | Reached XP level 5. HP: 43/45 MP: 4/4
  2437 | D:3      | Found a shimmering altar of Xom.
  2831 | D:3      | Found a glowing drain.
  2839 | Sewer    | Entered a sewer
  2960 | Sewer    | Reached XP level 6. HP: 27/51 MP: 5/5
  3664 | D:4      | Found a staircase to the Ecumenical Temple.
  3708 | D:4      | Noticed Sigmund
  3752 | D:4      | Killed Sigmund
  3753 | D:4      | Reached XP level 7. HP: 57/57 MP: 6/6
  3853 | D:4      | Reached skill level 10 in Polearms
  4494 | D:4      | Got a transparent ring mail
  4700 | D:4      | Reached XP level 8. HP: 61/64 MP: 7/7
  4815 | D:4      | Noticed Duvessa
  4823 | D:4      | Noticed Dowan
  4837 | D:4      | Killed Duvessa
  4846 | D:4      | Killed Dowan
  5205 | D:5      | Entered Level 5 of the Dungeon
  5495 | D:5      | Found a runed translucent gate.
  5496 | D:5      | Found a runed translucent gate.
  5497 | D:5      | Found a runed translucent gate.
  5511 | D:5      | Noticed krigyl's ghost (novice FoSu)
  6040 | D:5      | Reached skill level 5 in Fighting
  6040 | D:5      | Reached skill level 5 in Armour
  6948 | D:6      | Found Ygeal's Jewellery Emporium.
  6998 | D:6      | Bought a +4 ring of protection for 360 gold pieces
  6999 | D:6      | Bought a +4 ring of evasion for 360 gold pieces
  7378 | D:6      | Reached XP level 9. HP: 78/78 MP: 8/8
  7546 | D:6      | Found a broken altar of Ashenzari.
  7641 | D:7      | Noticed Joseph
  7655 | D:7      | Killed Joseph
  7923 | D:7      | Found a sacrificial altar of Ru.
  8736 | D:8      | Noticed a will-o-the-wisp
  8762 | D:8      | Killed a will-o-the-wisp
  9083 | D:8      | Noticed a will-o-the-wisp
  9095 | D:8      | Killed a will-o-the-wisp
  9096 | D:8      | Reached XP level 10. HP: 85/88 MP: 9/9
  9432 | D:8      | You fall into a shaft and drop 3 floors!
  9433 | D:11     | Noticed a gargoyle
  9441 | D:11     | Killed a gargoyle
 10028 | D:11     | Killed an unseen horror
 10498 | D:11     | Reached skill level 5 in Throwing
 10524 | D:11     | Noticed Erica
 10534 | D:11     | Killed Erica
 10619 | D:11     | Noticed a two-headed ogre
 10642 | D:11     | Killed a two-headed ogre
 10927 | D:10     | Entered Level 10 of the Dungeon
 11468 | D:9      | Found a staircase to the Lair.
 11681 | D:9      | Reached XP level 11. HP: 94/94 MP: 10/10
 11757 | D:9      | Noticed Prince Ribbit
 11808 | D:9      | Killed Prince Ribbit
 12032 | D:9      | Got a fine spear
 12122 | D:9      | Found a roughly hewn altar of Beogh.
 12496 | D:9      | Noticed Maurice
 12791 | D:9      | Noticed Harold
 12813 | D:9      | Killed Harold
 12814 | D:9      | Reached skill level 10 in Throwing
 13146 | D:9      | Noticed Pikel
 13162 | D:9      | Killed Pikel
 13195 | D:9      | Found an ornate altar of the Wu Jian Council.
 13434 | D:9      | Found a staircase to the Orcish Mines.
 13591 | Lair:1   | Entered Level 1 of the Lair of Beasts
 13596 | Lair:1   | Bought a pair of shimmering boots for 237 gold pieces
 13602 | Lair:1   | Identified the +5 pair of boots "Xaint" {*Corrode Int+3
                  | Dex+3} (You bought it in a shop on level 1 of the Lair of
                  | Beasts)
 14214 | Lair:1   | Found a basalt altar of Yredelemnul.
 15751 | Lair:2   | Noticed an eight-headed hydra
 15759 | Lair:2   | Killed an eight-headed hydra
 15901 | Lair:2   | Reached XP level 12. HP: 70/103 MP: 11/11
 16653 | Lair:1   | Bought a shiny plate armour for 650 gold pieces
 16727 | Lair:3   | Noticed a seven-headed hydra
 16733 | Lair:3   | Killed a seven-headed hydra
 16763 | Lair:3   | Found a hole to the Spider Nest.
 16777 | Lair:3   | Found a transporter.
 16802 | Lair:3   | Noticed a five-headed hydra
 16816 | Lair:3   | Killed a five-headed hydra
 16838 | Lair:3   | Noticed a five-headed hydra
 16847 | Lair:3   | Killed a five-headed hydra
 17263 | Lair:3   | Reached skill level 10 in Shields
 17303 | Lair:3   | Noticed Dikli's ghost (journeyman MiBe)
 17310 | Lair:3   | Identified the +4 trident of Ru's Delight {antimagic, rPois
                  | rC+}
 17636 | Lair:3   | Found a bloodstained altar of Trog.
 17645 | Lair:3   | Found a transporter.
 18201 | Lair:4   | Noticed Nergalle
 18223 | Lair:4   | Killed Nergalle
 19028 | Lair:4   | Found a staircase to the Swamp.
 19058 | Lair:4   | Noticed Kirke
 19069 | Lair:4   | Noticed an eight-headed hydra
 19328 | Lair:4   | Killed an eight-headed hydra
 19329 | Lair:4   | Reached skill level 5 in Axes
 20029 | Lair:1   | Identified the +7 spear of the Lusting Ancients {drain,
                  | +Rage rN+ Int-2 Stlth+} (You found it on level 9 of the
                  | Dungeon)
 20312 | Lair:4   | Killed Kirke
 20313 | Lair:4   | Reached XP level 13. HP: 105/113 MP: 12/12
 21411 | Lair:5   | Reached skill level 10 in Axes
 22384 | Lair:6   | Entered Level 6 of the Lair of Beasts
 23196 | Lair:6   | Reached skill level 1 in Evocations
 23943 | Lair:6   | Reached XP level 14. HP: 84/119 MP: 13/13
 24262 | Lair:6   | Reached skill level 10 in Fighting
 24305 | Lair:6   | Identified a scroll of acquirement
 24305 | Lair:6   | Acquired 1150 gold pieces
 24431 | Lair:6   | Found a viscous altar of Jiyva.
 24432 | Lair:6   | Found a staircase to the Slime Pits.
 25658 | D:10     | Noticed Sonja
 25659 | D:10     | Noticed Sonja
 25659 | D:10     | Sonja changed into Sonja the black mamba
 25664 | D:10     | Killed Sonja the black mamba
 27078 | D:12     | Reached skill level 5 in Evocations
 27431 | D:12     | Noticed a frost giant
 27442 | D:12     | Killed a frost giant
 27844 | D:13     | Found a gate to the Vaults.
 27844 | D:13     | Noticed Rupert
 27844 | D:13     | Noticed Urug
 28526 | Orc:1    | Entered Level 1 of the Orcish Mines
 29347 | Orc:1    | Found a one-way gate to the infinite horrors of the Abyss.
 29348 | Orc:1    | Found a corrupted altar of Lugonu.
 29451 | Orc:2    | Entered Level 2 of the Orcish Mines
 29480 | Orc:2    | Noticed Donald
 29525 | Orc:2    | HP: 4/125 [orc priest/divine providence[an orc knight]
                  | (12)]
 29527 | Orc:2    | Slain by Donald

Illustrated notes

Levels and vault maps discovered:
D:1:      dpeg_arrival_arbitrary_b, layout_loops_corners, minmay_ruptured
D:2:      kennysheep_six_static_rooms, layout_basic,
          pdpol_temple_overflow_zin_treasury_gozag_greed, serial_forest,
          infiniplex_forest_clump_curved, infiniplex_forest_clump_curved,
          infiniplex_forest_end_1, infiniplex_forest_clump_curved,
          infiniplex_forest_straight_1, infiniplex_forest_end_3,
          infiniplex_forest_straight_4
D:3:      layout_rooms, overflow_temple_1_default, lightli_sewer_entry_pipes,
          grunt_ministairs_8
D:4:      layout_basic, minmay_temple_entry_grid, uniq_duvessa, uniq_sigmund
D:5:      layout_loops_ring, gammafunk_ghost_necromancy, minmay_misc_feat_roman
D:6:      layout_loops_cross, ashenzari_altar_1, minmay_shop_enchanted_jewellery
D:7:      layout_loops_ring, nicolae_ru_great_annihilating_truth, uniq_joseph
D:8:      layout_basic, gammafunk_ghost_wrathful_warriors, hangedman_misty_isle
D:9:      layout_loops_ring, nzn_wu_jian_council_hall, david_lair_generic,
          erik_orc_2, david_defended_altar_orc, uniq_maurice, uniq_harold,
          uniq_pikel, uniq_prince_ribbit1
D:10:     layout_roguey, uniq_sonja
D:11:     layout_roguey, uniq_erica
D:12:     minmay_klotski, layout_rooms
D:13:     layout_rooms, david_vaults_3, kb_rosetta
Lair:1:   layout_regular_city, basic_altar
Lair:2:   layout_chaotic_city, roderic_carrion_pond
Lair:3:   layout_concentric_octagons, spider_nest_entry_web_field,
          gammafunk_ghost_wrathful_warriors
Lair:4:   layout_gridlike, minmay_swamp_entry_eels, serial_bayou_pond_d,
          uniq_nergalle, uniq_kirke, uniq_urug
Lair:5:   layout_regular_city, bobbens_ice_dragon_lair, grunt_megastairs_3,
          lemuel_fruit_tree, infiniplex_staircase_pool_2
Lair:6:   grunt_lair_end_beastmaster, layout_gridlike,
          dpeg_slime_entry_enclosed_altar
Orc:1:    layout_caves, amcnicky_altar_lugonu_corruption, uniq_erolcha
Orc:2:    st_orc_pillars, layout_diamond_mine, portal_ice_cave_entry_ice_beasts,
          rock_pile, uniq_donald

Skill      XL: |  1  2  3  4  5  6  7  8  9 10 11 12 13 14 |
---------------+-------------------------------------------+-----
Polearms       | 3 4 5 6 8 9 11 12 13 | 13.5
Fighting       | 6 8 9 11 | 11.9
Armour         | 6 8 9 |  9.8
Shields        | 8 9 10 | 10.2
Throwing       | 8 12 | 12.0
Axes           | 7 13 | 13.6
Evocations     | 3 7 |  7.3

Action                   |  1- 3 |  4- 6 |  7- 9 | 10-12 | 13-15 || total
-------------------------+-------+-------+-------+-------+-------++-------
Melee: Trident           |    35 |   174 |   347 |   817 |   261 ||  1634
       Headbutt          |     4 |    18 |    57 |   198 |   161 ||   438
       Spear             |       |       |       |    25 |    67 ||    92
       Broad axe         |       |       |       |       |   313 ||   313
Throw: Javelin           |    19 |    19 |    10 |       |     1 ||    49
       Stone             |       |     6 |     5 |    20 |       ||    31
       Boomerang         |       |       |    43 |    70 |   113 ||   226
       Dart              |       |       |       |    37 |   119 ||   156
Invok: Call Merchant     |       |       |       |     1 |       ||     1
       Potion Petition   |       |       |       |       |     1 ||     1
Evoke: Wand              |       |       |       |    19 |    35 ||    54
       Phial of floods   |       |       |       |     1 |     2 ||     3
       Box of beasts     |       |       |       |       |     1 ||     1
  Use: Scroll            |       |     7 |    13 |    11 |     8 ||    39
       Potion            |       |     2 |     1 |     5 |     5 ||    13
 Stab: Invisible         |       |       |     2 |       |       ||     2
       Paralysed         |       |       |       |    12 |     4 ||    16
       Distracted        |       |       |       |     4 |     2 ||     6
Armor: Scale mail        |    10 |    44 |       |       |       ||    54
       Chain mail        |       |     1 |    64 |       |       ||    65
       Plate armour      |       |       |    32 |   401 |   269 ||   702
       Skin              |       |       |       |     5 |       ||     5
Dodge: Dodged            |     8 |    27 |    44 |   164 |   100 ||   343
Block: Kite shield       |    20 |    74 |    99 |    11 |   282 ||   486
       Buckler           |       |       |     4 |   159 |       ||   163
